 Dungeon Crawl Stone Soup version 0.31-a0-691-g409c26aa35 (webtiles) character file.

Game seed: 6302558899514263349

203 qw the Shooter (level 5, 0/33 HPs)
             Began as a Gargoyle Hunter on Sept 6, 2023.
             Slain by a gnoll
             ... wielding a +0 halberd
             ... led by a gnoll bouda
              (7 damage)
             ... on level 4 of the Dungeon.
             The game lasted 00:00:52 (2478 turns).

qw the Shooter (Gargoyle Hunter)                    Turns: 2478, Time: 00:00:52

Health: 0/33       AC:  7    Str: 14    XL:     5   Next: 81%
Magic:  5/5        EV: 11    Int: 15    God:
Gold:   173        SH:  5    Dex: 15    Spells: 4/4 levels left

rFire   . . .        Y - +1 shortbow (drain)
rCold   . . .        (shield currently unavailable)
rNeg    + . .        k - +0 leather armour of the Untouchables {Will+ Int+5}
rPois   inf          (no helmet)
rElec   +            (no cloak)
rCorr   .            (no gloves)
SInv    .            (no boots)
Will    +....        d - amulet of reflection
Stlth   ++           (no ring)
HPRegen 0.25/turn    (no ring)
MPRegen 0.09/turn

%: reflection
@: no status effects
A: sickness immunity, AC +4, negative energy resistance 1, electricity
resistance, torment resistance 1, petrification resistance
a: no special abilities


You were on level 4 of the Dungeon.
You visited 1 branch of the dungeon, and saw 4 of its levels.

You collected 173 gold pieces.


Innate Abilities, Weirdness & Mutations

You are immune to sickness and miasma.
Your stone body is resilient. (AC +4)
You are immune to poison.
You resist negative energy. (rN+)
You are resistant to electric shocks. (rElec)
You are resistant to unholy torment.
You are immune to petrification.


   Skills:
 - Level 4.0 Fighting
 + Level 6.1 Ranged Weapons
 - Level 1.5 Dodging
 - Level 1.1 Stealth


You had 4 spell levels left.
You didn't know any spells.
Your spell library was empty.

Inventory:

Hand Weapons
 Y - a +1 shortbow of draining (weapon)
Armour
 f - a +0 pair of gloves
 k - the +0 leather armour of the Untouchables (worn) {Will+ Int+5}
   (You found it on level 2 of the Dungeon)

   Int+5:     It affects your intelligence (+5).
   Will+:     It increases your willpower.
Jewellery
 d - an amulet of reflection (around neck)
Scrolls
 a - a scroll of identify
 b - 3 scrolls of teleportation
Potions
 c - a potion of degeneration {unknown}
 e - a potion of mutation
 g - a potion of might
 h - a potion of resistance
 l - a potion of curing
 m - a potion of brilliance {unknown}

Dungeon Overview and Level Annotations

Branches:
Dungeon (4/15)
 Temple: D:4-7

Altars:
Elyvilon

Shops:
D:4 (


Message History

You shoot an arrow. The arrow barely misses the goblin.
The goblin hits you but does no damage.
You shoot an arrow. The arrow closely misses the goblin.
You block the goblin's attack.
You shoot an arrow. The arrow hits the goblin.
You kill the goblin!
A gnoll bouda comes into view. It is wielding a +0 whip.
You shoot an arrow.
The arrow hits the gnoll bouda but does no damage.
The gnoll bouda barks out a call to the hunt!
A gnoll comes into view. It is wielding a +0 whip.
You shoot an arrow. The arrow hits the gnoll!
You drain the gnoll.
You kill the gnoll!
You shoot an arrow. The arrow hits the gnoll bouda!
The gnoll bouda is heavily wounded.
You block the gnoll bouda's attack.
You shoot an arrow. The arrow hits the gnoll bouda.
You drain the gnoll bouda.
The gnoll bouda is almost dead.
A gnoll comes into view. It is wielding a +0 spear.
The gnoll bouda hits you with a +0 whip.
You shoot an arrow.
The arrow barely misses the gnoll bouda.
The arrow barely misses the gnoll.
A gnoll comes into view. It is wielding a +0 halberd.
The gnoll hits you from afar with a +0 spear.
You shoot an arrow. The arrow hits the gnoll bouda.
You kill the gnoll bouda!
A gnoll comes into view. It is wielding a +0 club.
The gnoll hits you but does no damage.
Your Fighting skill increases to level 4!
You shoot an arrow. The arrow hits the gnoll.
The gnoll is lightly wounded.
The gnoll hits you from afar with a +0 halberd!
The gnoll hits you from afar with a +0 spear.
An adder comes into view.
You shoot an arrow. The arrow barely misses the gnoll.
The gnoll hits you from afar with a +0 halberd!
The gnoll barely misses you.
The gnoll hits you from afar with a +0 halberd!
You die...

## .. #### #...# ..
....# #...# .. .....
#...# .. .....S
#...# ## .?...g#
#...# #.g)#### #...#
#..g@).#############
#.####.............#
#############.##
#...# #..) #...#
#..# #...# #...
#...# #### #...#
#...##


You could see 3 gnolls and an adder.

Vanquished Creatures
  A gnoll bouda (D:4)
  2 iguanas (D:4)
  2 gnolls (D:4)
  5 adders
  A worm (D:3)
  A dart slug (D:1)
  An orc (D:4)
  An endoplasm (D:2)
  A giant cockroach (D:1)
  7 goblins
  4 hobgoblins
  5 kobolds
  6 quokkas
  6 ball pythons
  6 bats
  7 rats
56 creatures vanquished.

Vanquished Creatures (others)
  An endoplasm (D:1)
1 creature vanquished.

Grand Total: 57 creatures vanquished

Notes
Turn   | Place    | Note
-------+----------+-------------------------------------------
     0 | D:1      | qw the Gargoyle Hunter began the quest for the Orb.
     0 | D:1      | Reached XP level 1. HP: 12/12 MP: 1/1
     0 | D:1      | 0 ||| qw: Version: 0.3-a-76-g4403597
     0 | D:1      | 0 ||| qw: Game counter: 15
     0 | D:1      | 0 ||| qw: Melee chars always use a shield: true
     0 | D:1      | 0 ||| qw: God list: Okawaru
     0 | D:1      | 0 ||| qw: Allow faded altars: false
     0 | D:1      | 0 ||| qw: Do Orc after clearing Dungeon:15 true
     0 | D:1      | 0 ||| qw: Do second Lair branch before Depths: true
     0 | D:1      | 0 ||| qw: Lair rune preference: random
     0 | D:1      | 0 ||| qw: Goals: Normal
     0 | D:1      | 0 ||| PLANNING D:1-11
   169 | D:1      | Reached XP level 2. HP: 17/17 MP: 2/2
   469 | D:1      | Reached XP level 3. HP: 21/21 MP: 3/3
   499 | D:1      | 499 ||| UPGRADING to amulet of reflection.
   504 | D:1      | 504 ||| READING scroll labelled SUCWUJESHAAM.
   509 | D:1      | 509 ||| READING scroll labelled ZUICZY ESACK.
   510 | D:1      | 510 ||| READING scroll labelled XAW VEICISTUSH.
   511 | D:1      | 511 ||| READING scroll labelled ASTROV XAISI.
   512 | D:1      | 512 ||| DROPPING scroll of butterflies.
   542 | D:2      | Reached skill level 5 in Ranged Weapons
   786 | D:2      | Reached skill level 3 in Fighting
   786 | D:2      | Reached XP level 4. HP: 28/28 MP: 4/4
   844 | D:2      | Identified the +0 leather armour of the Untouchables {Will+
                  | Int+5}
  1061 | D:2      | 1061 ||| UPGRADING to +0 leather armour of the Untouchables
                  | {Will+ Int+5}.
  1071 | D:2      | 1071 ||| DROPPING +0 leather armour.
  1072 | D:2      | 1072 ||| READING 2 scrolls labelled RAPUAL WEABY.
  1073 | D:2      | 1073 ||| READING scroll labelled SYQABL TOGUSO.
  1074 | D:2      | 1074 ||| READING scroll labelled NODWOST COVAXI.
  1075 | D:2      | 1075 ||| READING scroll labelled DUADAG KOEBIRGH.
  1076 | D:2      | 1076 ||| DRINKING 2 fuming red potions.
  1456 | D:3      | Found a white marble altar of Elyvilon.
  1854 | D:3      | 1854 ||| READING scroll labelled FYGAR BEMOH.
  1855 | D:3      | 1855 ||| READING scroll labelled ZOUCKOE ULOUPP.
  1856 | D:3      | 1856 ||| DRINKING 2 fuming orange potions.
  1960 | D:3      | 1960 ||| READING 6 scrolls of identify.
  1960 | D:3      | 1960 ||| IDENTIFYING fizzy brown potion
  1961 | D:3      | 1961 ||| READING 5 scrolls of identify.
  1961 | D:3      | 1961 ||| IDENTIFYING sedimented sapphire potion
  1962 | D:3      | 1962 ||| READING 4 scrolls of identify.
  1962 | D:3      | 1962 ||| IDENTIFYING sapphire potion
  1963 | D:3      | 1963 ||| READING 3 scrolls of identify.
  1963 | D:3      | 1963 ||| IDENTIFYING coppery potion
  1964 | D:3      | 1964 ||| READING 2 scrolls of identify.
  1964 | D:3      | 1964 ||| IDENTIFYING brown potion
  1965 | D:3      | 1965 ||| DROPPING potion of berserk rage.
  1966 | D:3      | 1966 ||| DROPPING potion of attraction.
  1967 | D:3      | 1967 ||| DROPPING potion of lignification.
  2031 | D:4      | Reached XP level 5. HP: 32/32 MP: 5/5
  2115 | D:4      | Found Sedwiene's Weapon Boutique.
  2194 | D:4      | Reached skill level 6 in Ranged Weapons
  2478 | D:4      | HP: 7/33 [gnoll/+0 halberd[a gnoll bouda] (8)]
  2478 | D:4      | Slain by a gnoll

Levels and vault maps discovered:
D:1:      dpeg_arrival_subterranean_lakeside_camping, layout_rooms,
          minmay_vboxes
D:2:      layout_basic
D:3:      layout_basic, nicolae_elyvilon_peaceful_grove,
          nicolae_houndstooth_variations
D:4:      layout_rooms, serial_shops, shop_fountains, serial_co_window_serial,
          co_window_paths_b, co_window_paths_a, co_window_paths_a,
          co_window_paths_a, co_window_cross_1, co_window_unsneaky_path_a,
          co_window_unsneaky_path_b, co_window_unsneaky_path_c,
          co_window_corner_b, co_window_cross_4, co_window_corner_b,
          co_window_sun

Skill      XL: |  1  2  3  4  5 |
---------------+----------------+-----
Ranged Weapons | 5 6 |  6.1
Fighting       | 3 4 |  4.0
Dodging        | |  1.5
Stealth        | |  1.1

Action                     |  1- 3 |  4- 6 || total
---------------------------+-------+-------++-------
   Fire: Shortbow          |   105 |    69 ||   174
    Use: Scroll            |     4 |    11 ||    15
         Potion            |       |     2 ||     2
 Armour: Leather armour    |    25 |    17 ||    42
  Dodge: Dodged            |    44 |     7 ||    51
  Block: Other             |     3 |     5 ||     8
         Reflection        |       |     1 ||     1

Table legend:
 A = Non-vault XP
 B = Vault XP
 C = Vault XP percentage of total XP
 D = Non-vault monster count
 E = Vault monster count
 F = Vault count percentage of total count
                 A         B        C        D         E       F
            +---------+---------+-------+---------+---------+-------
      Total |     268 |      22 |   7.6 |      44 |      13 |  22.8
            +---------+---------+-------+---------+---------+-------
        D:1 |      15 |      22 |  59.5 |      10 |      13 |  56.5
        D:2 |      62 |       0 |   0.0 |      17 |       0 |   0.0
        D:3 |      30 |       0 |   0.0 |       8 |       0 |   0.0
        D:4 |     161 |       0 |   0.0 |       9 |       0 |   0.0
            +---------+---------+-------+---------+---------+-------
